Map: Blackpink LE

Players

Counterist - Winner!

  • Race: Terran Terran
  • Spawn Location: 7:00

CinDra

  • Race: Zerg Zerg
  • League: Gold
  • Spawn Location: 1:00

VOD

Have the link to the VOD?

Description

Time

  • Played on: March 11, 2018, 11:14 p.m.
  • Length: 10:13
Show
View Real Time Build Order
Export as new Build Order

Counterist Terran - Winner!

Build Orders: Cyclone Opening 

Get SALT Encoding   

  12  0:00  SCV  
  13  0:13  SCV  
  14  0:17  Supply Depot  
  14  0:25  SCV  
  14  0:28  Refinery  
  15  0:39  SCV  
  16  0:45  Barracks  
  16  0:51  SCV  
  16  0:55  Refinery  
  17  1:03  SCV  
  18  1:10  Supply Depot  
  18  1:16  SCV  
  19  1:31  SCV  
  20  1:36  Factory  
  20  1:42  Barracks Reactor  
  20  1:44  SCV  
  21  1:56  Orbital Command  
  21  2:22  SCV  
  22  2:26  Cyclone x2  
  28  2:32  Factory  
  28  2:35  Starport  
  28  2:36  SCV  
  29  2:39  Barracks Tech Lab  
  29  2:49  SCV  
  30  2:52  Supply Depot  
  30  3:01  SCV  
  31  3:14  SCV  
  32  3:23  Cloaking Field, Banshee  
  32  3:26  SCV  
  36  3:28  Marine  
  37  3:38  SCV, Supply Depot  
  38  3:50  SCV  
  38  3:51  Command Center  
  33  4:03  Cyclone  
  33  4:04  Cyclone, SCV  
  40  4:17  SCV  
  41  4:34  Banshee  
  41  4:38  Barracks Reactor  
  44  5:03  SCV  
  44  5:04  Orbital Command  
  45  5:15  SCV  
  46  5:32  SCV x2  
  46  5:35  Banshee  
  51  5:37  Cyclone x2, Marine x2  
  59  5:42  Engineering Bay  
  59  5:44  SCV x2  
  59  5:45  Supply Depot  
  61  5:55  Marine  
  62  6:06  SCV x2, Marine  
  62  6:09  Cyclone  
  68  6:19  SCV x2  
  70  6:34  Banshee  
  70  6:39  SCV  
  66  6:45  Orbital Command  
  66  6:51  SCV  
  66  7:00  Hellion x2  
  70  7:03  Supply Depot x2  
  70  7:04  Bunker  
  70  7:14  Armory  
  70  7:19  Refinery x2, Armory  
  70  7:20  Factory  
  70  7:22  Factory  
  70  7:24  Marine x2  
  70  7:25  SCV x2  
  74  7:31  Liberator  
  74  7:34  Supply Depot  
  74  7:36  Supply Depot  
  74  7:37  SCV x2  
  76  7:49  SCV x2  
  76  7:50  Hellion x2  
  85  7:51  Marine  
  85  7:56  Marine  
  87  8:01  SCV  
  87  8:02  SCV  
  89  8:07  Factory Tech Lab x2  
  89  8:09  Marine, Supply Depot  
  89  8:10  Supply Depot  
  90  8:13  Marine, SCV  
  90  8:14  SCV  
  90  8:15  Hellion x2  
  97  8:25  SCV  
  97  8:26  SCV  
  99  8:33  Command Center  
  99  8:36  Infernal Pre-Igniter, Hellion x2  
  99  8:37  SCV  
  99  8:38  SCV  
  105  8:42  Liberator  
  105  8:43  Hellion x2  
  109  8:53  Supply Depot  
  109  8:54  Supply Depot  
  112  9:12  Marine x2  
  112  9:14  Siege Tank  
  112  9:15  Hellion x2  
  121  9:19  Hellion  
  123  9:26  Supply Depot  
  123  9:27  Supply Depot  
  123  9:29  Marine  
  123  9:30  Marine  
  125  9:45  Hellion x2  
  135  9:46  Orbital Command  
Show
View Real Time Build Order
Export as new Build Order

CinDra Zerg 

Build Orders: Hatch First 

Get SALT Encoding   

  12  0:01  Drone  
  13  0:13  Overlord  
  13  0:19  Drone  
  14  0:32  Drone x2  
  16  0:36  Drone  
  17  0:55  Hatchery, Drone  
  17  1:01  Drone  
  18  1:07  Extractor  
  17  1:15  Spawning Pool  
  17  1:17  Drone  
  17  1:24  Drone  
  18  1:31  Drone  
  19  1:39  Overlord  
  19  1:51  Drone  
  20  2:02  Queen  
  20  2:03  Zergling x2  
  20  2:07  Queen  
  25  2:08  Zergling x2  
  25  2:11  Metabolic Boost  
  26  2:16  Zergling x2  
  26  2:21  Drone  
  29  2:30  Drone x2  
  29  2:35  Drone  
  31  2:39  Drone  
  32  2:46  Queen  
  32  2:48  Overlord  
  34  2:51  Queen  
  36  3:05  Overlord  
  33  3:20  Zergling x2  
  33  3:21  Zergling x18  
  43  3:30  Overlord  
  43  3:31  Overlord  
  43  3:56  Zergling x2  
  43  3:57  Zergling x6  
  47  4:02  Hatchery  
  45  4:35  Baneling Nest  
  44  4:49  Zergling x2  
  44  4:50  Zergling x28  
  59  4:56  Pneumatized Carapace  
  54  5:09  Spore Crawler  
  52  5:19  Drone  
  52  5:20  Drone x7  
  55  5:36  Spore Crawler  
  48  5:52  Baneling x3  
  26  6:46  Drone x2  
  25  6:54  Drone  
  26  7:06  Drone  
  27  7:14  Drone  
  28  7:19  Drone  
  29  7:25  Drone  
  30  7:36  Drone  
  31  7:37  Drone  
  31  7:41  Drone  
  33  7:45  Drone  
  34  7:54  Drone x2  
  36  7:59  Drone  
  36  8:01  Drone  
  38  8:08  Drone x2  
  38  8:11  Drone  
  41  8:15  Drone  
  41  8:18  Drone  
  43  8:20  Drone  
  43  8:24  Drone  
  43  8:26  Drone  
  46  8:28  Drone  
  46  8:33  Drone x2  
  49  8:39  Queen  
  51  8:42  Drone  
  51  8:47  Drone  
  51  8:48  Drone  
  54  8:52  Drone  
  54  8:54  Spore Crawler  
  54  9:06  Drone x4  
  58  9:14  Overlord  
  58  9:15  Overlord x3  
  58  9:16  Overlord  
  58  9:33  Drone  
  58  9:34  Drone x7  
  58  9:36  Drone  
  58  9:37  Drone  
  68  9:45  Extractor  
  68  9:49  Extractor, Drone  
  68  9:50  Extractor, Drone x3  
Tags
 
Add a new tag
Caveats
  • Supply blocks, unpowered buildings, or Contaminate may cause inaccurate times.
  • Supply counts are checked every 10 seconds.